General information
- name: BNet
- type: Ladder team game (AT/RT)
- host: Battle.net
- saver: ConquerorFrmOgo
map: Battleground_LV
- players: 8
- length: 24:27
- speed: Fast
- version: 1.29 W3XP
- replay type: Public
» download(231 KB)
Players
team 1 (loser)
BlazeFury (
green | 78 APM | 1115 actions | 14:17)
4 Mountain King
2 Storm Bolt
2 Bash
2 Paladin
1 Holy Light
1 Divine Shield
» actions
| Assign group hotkey | 11 | |
| Basic commands | 26 | |
| Build / train | 51 | |
| Enter build submenu | 29 | |
| Enter hero's abilities submenu | 6 | |
| Right click | 540 | |
| Select / deselect | 217 | |
| Select group hotkey | 162 | |
| Use ability | 73 | |
1115 total
» units
| Peasant | 17 | |
| Footman | 6 | |
| Rifleman | 2 | |
| Gryphon Rider | 1 | |
26 total
» upgrades
| Masonry | 1 | |
| Lumber Harvesting | 2 | |
3 total
» buildings
| Altar of Kings | 1 | |
| Farm | 6 | |
| Barracks | 1 | |
| Scout Tower | 12 | |
| Arcane Vault | 1 | |
| Arcane Tower | 1 | |
| Lumber Mill | 1 | |
| Keep | 1 | |
| Town Hall | 2 | |
| Guard Tower | 3 | |
| Blacksmith | 1 | |
| Castle | 1 | |
| Gryphon Aviary | 2 | |
33 total
» build order
00:13 Altar of Kings
00:21 Farm
00:34 Barracks
01:02 Farm
01:40 Scout Tower
01:51 Arcane Vault
02:09 Scout Tower
02:28 Arcane Tower
02:35 Farm
02:46 Lumber Mill
04:32 Keep
05:15 Town Hall
05:45 Guard Tower
05:53 Farm
06:05 Scout Tower
06:06 Scout Tower
06:07 Scout Tower
06:11 Scout Tower
06:15 Scout Tower
06:18 Scout Tower
06:19 Scout Tower
06:27 Scout Tower
06:28 Farm
06:40 Blacksmith
08:11 Guard Tower
08:14 Scout Tower
08:17 Scout Tower
09:19 Castle
09:21 Guard Tower
10:51 Gryphon Aviary
10:53 Gryphon Aviary
12:38 Farm
12:55 Town Hall
» items
| Lesser Clarity Potion | 3 | |
| Scroll of Regeneration | 2 | |
| Scroll of Town Portal | 1 | |
| Potion of Mana | 1 | |
7 total
ADADK (
blue | 121 APM | 2963 actions | 24:26)
4 Archmage
2 Summon Water Elemental
2 Brilliance Aura
2 Mountain King
1 Storm Bolt
1 Bash
» actions
| Assign group hotkey | 88 | |
| Basic commands | 86 | |
| Build / train | 112 | |
| Enter build submenu | 36 | |
| Enter hero's abilities submenu | 6 | |
| Give item / drop item | 7 | |
| Right click | 1006 | |
| Select / deselect | 498 | |
| Select group hotkey | 989 | |
| Use ability | 134 | |
2963 total
» units
| Peasant | 19 | |
| Footman | 4 | |
| Rifleman | 5 | |
| Sorceress | 3 | |
| Gryphon Rider | 4 | |
| Dragonhawk Rider | 6 | |
| Knight | 2 | |
| Priest | 3 | |
46 total
» upgrades
| Gunpowder | 2 | |
| Lumber Harvesting | 1 | |
| Masonry | 3 | |
| Armor | 1 | |
| Long Rifles | 1 | |
| Swords | 2 | |
| Animal War Training | 1 | |
| Sorceress Training | 1 | |
| Storm Hammers | 1 | |
| Cloud | 1 | |
| Priest Training | 2 | |
| Plating | 1 | |
17 total
» buildings
| Altar of Kings | 1 | |
| Barracks | 1 | |
| Farm | 10 | |
| Arcane Vault | 1 | |
| Blacksmith | 1 | |
| Town Hall | 1 | |
| Keep | 1 | |
| Scout Tower | 10 | |
| Arcane Tower | 1 | |
| Lumber Mill | 1 | |
| Castle | 2 | |
| Guard Tower | 10 | |
| Gryphon Aviary | 2 | |
| Arcane Sanctum | 2 | |
44 total
» build order
00:50 Altar of Kings
00:52 Barracks
00:54 Farm
01:05 Farm
01:10 Farm
01:46 Farm
01:58 Arcane Vault
02:53 Blacksmith
04:11 Town Hall
04:50 Keep
05:23 Scout Tower
05:26 Scout Tower
07:07 Scout Tower
07:09 Scout Tower
07:10 Scout Tower
07:12 Arcane Tower
07:15 Lumber Mill
07:27 Castle
07:27 Castle
07:49 Guard Tower
07:54 Guard Tower
07:54 Guard Tower
08:10 Guard Tower
08:16 Scout Tower
08:44 Guard Tower
08:46 Scout Tower
08:47 Scout Tower
09:23 Guard Tower
09:23 Guard Tower
09:53 Gryphon Aviary
10:31 Gryphon Aviary
11:04 Scout Tower
11:41 Arcane Sanctum
11:42 Guard Tower
11:42 Guard Tower
11:45 Scout Tower
12:23 Guard Tower
12:52 Farm
14:26 Farm
14:28 Farm
15:23 Arcane Sanctum
20:23 Farm
20:23 Farm
20:25 Farm
» items
| Scroll of Regeneration | 3 | |
| Boots of Speed | 1 | |
| Scroll of Town Portal | 4 | |
| Potion of Lesser Invulnerability | 1 | |
| Scroll of Protection | 1 | |
| Staff of Teleportation | 1 | |
| Potion of Invisibility | 1 | |
| Staff of Sanctuary | 1 | |
| Orb of Fire | 1 | |
| Potion of Healing | 3 | |
17 total
shakyman (
pink | 31 APM | 739 actions | 23:46)
5 Mountain King
3 Storm Bolt
2 Bash
1 Paladin
1 Divine Shield
» actions
| Build / train | 71 | |
| Enter build submenu | 17 | |
| Enter hero's abilities submenu | 6 | |
| Give item / drop item | 1 | |
| Remove unit from queue | 1 | |
| Right click | 349 | |
| Select / deselect | 233 | |
| Use ability | 61 | |
739 total
» units
| Peasant | 28 | |
| Footman | 8 | |
| Rifleman | 8 | |
| Priest | 2 | |
| Knight | 2 | |
| Gryphon Rider | 4 | |
52 total
» upgrades
| Swords | 1 | |
| Plating | 1 | |
| Storm Hammers | 1 | |
3 total
» buildings
| Farm | 6 | |
| Altar of Kings | 1 | |
| Arcane Vault | 1 | |
| Barracks | 1 | |
| Scout Tower | 4 | |
| Keep | 1 | |
| Blacksmith | 1 | |
| Arcane Tower | 1 | |
| Lumber Mill | 1 | |
| Arcane Sanctum | 1 | |
| Guard Tower | 2 | |
20 total
» build order
00:10 Farm
00:15 Farm
00:25 Altar of Kings
01:00 Arcane Vault
01:24 Barracks
03:36 Farm
04:01 Scout Tower
04:07 Keep
04:13 Blacksmith
05:15 Arcane Tower
05:19 Lumber Mill
06:35 Arcane Sanctum
07:38 Scout Tower
08:12 Scout Tower
08:13 Guard Tower
08:22 Farm
15:36 Scout Tower
16:05 Guard Tower
18:56 Farm
20:27 Farm
» items
| Scroll of Regeneration | 1 | |
| Lesser Clarity Potion | 1 | |
| Potion of Healing | 1 | |
| Scroll of Town Portal | 1 | |
4 total
HardlikeLife4us (
teal | 48 APM | 695 actions | 14:34)
3 Mountain King
2 Storm Bolt
1 Bash
» actions
| Build / train | 30 | |
| Enter build submenu | 20 | |
| Enter hero's abilities submenu | 3 | |
| Remove unit from queue | 1 | |
| Right click | 427 | |
| Select / deselect | 189 | |
| Use ability | 25 | |
695 total
» units
| Peasant | 8 | |
| Rifleman | 7 | |
| Gryphon Rider | 2 | |
17 total
» upgrades
| Masonry | 1 | |
| Swords | 2 | |
| Animal War Training | 1 | |
| Storm Hammers | 1 | |
5 total
» buildings
| Altar of Kings | 1 | |
| Farm | 7 | |
| Barracks | 2 | |
| Lumber Mill | 1 | |
| Blacksmith | 1 | |
| Keep | 1 | |
| Castle | 1 | |
| Gryphon Aviary | 3 | |
17 total
» build order
00:05 Altar of Kings
01:00 Farm
01:11 Barracks
01:28 Lumber Mill
01:38 Farm
02:20 Blacksmith
02:24 Barracks
03:11 Farm
03:32 Farm
04:55 Keep
06:57 Farm
07:01 Farm
07:17 Castle
08:06 Farm
10:19 Gryphon Aviary
10:21 Gryphon Aviary
10:26 Gryphon Aviary
» items
team 2 (winner)
Dplol (
orange | 67 APM | 1471 actions | 21:58)
5 Death Knight
3 Death Coil
2 Unholy Aura
5 Archmage
3 Summon Water Elemental
2 Brilliance Aura
1 Lich
1 Frost Nova
» actions
| Assign group hotkey | 1 | |
| Basic commands | 55 | |
| Build / train | 104 | |
| Enter build submenu | 39 | |
| Enter hero's abilities submenu | 11 | |
| Right click | 744 | |
| Select / deselect | 443 | |
| Use ability | 74 | |
1471 total
» units
| Acolyte | 2 | |
| Peasant | 3 | |
| Ghoul | 32 | |
| Footman | 24 | |
| Forest Troll Berserker | 1 | |
| Forest Troll Shadow Priest | 1 | |
| Sorceress | 5 | |
| Priest | 3 | |
71 total
» upgrades
| Sorceress Training | 2 | |
| Priest Training | 2 | |
| Ghoul Frenzy | 1 | |
| Unholy Strength | 1 | |
| Unholy Armor | 1 | |
7 total
» buildings
| Ziggurat | 9 | |
| Crypt | 2 | |
| Altar of Darkness | 1 | |
| Farm | 15 | |
| Barracks | 2 | |
| Altar of Kings | 1 | |
| Nerubian Tower | 1 | |
| Lumber Mill | 1 | |
| Keep | 1 | |
| Halls of the Dead | 2 | |
| Graveyard | 2 | |
| Black Citadel | 2 | |
| Arcane Sanctum | 2 | |
| Castle | 1 | |
| Slaughterhouse | 1 | |
| Sacrificial Pit | 1 | |
| Spirit Tower | 2 | |
| Blacksmith | 2 | |
| Boneyard | 1 | |
49 total
» build order
00:06 Ziggurat
00:09 Crypt
00:33 Altar of Darkness
00:42 Farm
00:44 Farm
00:48 Barracks
01:22 Altar of Kings
01:29 Nerubian Tower
01:59 Ziggurat
02:07 Farm
02:08 Farm
02:09 Farm
02:09 Farm
02:29 Ziggurat
02:53 Lumber Mill
02:55 Keep
03:25 Halls of the Dead
03:25 Halls of the Dead
04:06 Ziggurat
04:08 Graveyard
05:08 Crypt
06:37 Black Citadel
06:37 Black Citadel
06:42 Graveyard
06:46 Arcane Sanctum
06:47 Arcane Sanctum
06:49 Farm
06:49 Farm
06:50 Farm
07:53 Castle
11:16 Barracks
11:23 Farm
11:24 Farm
11:24 Farm
11:25 Farm
11:25 Farm
11:26 Farm
11:37 Slaughterhouse
12:50 Ziggurat
12:51 Ziggurat
18:35 Sacrificial Pit
19:06 Ziggurat
19:06 Ziggurat
19:06 Ziggurat
19:08 Spirit Tower
19:08 Spirit Tower
19:40 Blacksmith
20:47 Blacksmith
21:54 Boneyard
» items
ConquerorFrmOgo (
purple | 72 APM | 1750 actions | 24:27)
9 Blademaster
3 Wind Walk
3 Critical Strike
1 Bladestorm
2 Mirror Image
» actions
| Assign group hotkey | 47 | |
| Basic commands | 150 | |
| Build / train | 61 | |
| Enter build submenu | 46 | |
| Enter hero's abilities submenu | 9 | |
| Give item / drop item | 4 | |
| Remove unit from queue | 1 | |
| Right click | 703 | |
| Select / deselect | 303 | |
| Select group hotkey | 337 | |
| Use ability | 89 | |
1750 total
» units
| Peon | 24 | |
| Grunt | 4 | |
| Troll Batrider | 1 | |
| Wind Rider | 3 | |
32 total
» upgrades
| Reinforced Defenses | 1 | |
| Liquid Fire | 1 | |
| Troll Regeneration | 1 | |
| Armor | 3 | |
| Ranged Weapons | 3 | |
| Envenomed Spears | 1 | |
10 total
» buildings
| Orc Burrow | 6 | |
| Altar of Storms | 1 | |
| Barracks | 1 | |
| Voodoo Lounge | 1 | |
| Stronghold | 1 | |
| Great Hall | 2 | |
| War Mill | 2 | |
| Fortress | 1 | |
| Watch Tower | 30 | |
| Beastiary | 4 | |
49 total
» build order
00:12 Orc Burrow
00:48 Orc Burrow
01:05 Altar of Storms
01:06 Barracks
02:01 Voodoo Lounge
02:50 Stronghold
04:08 Great Hall
04:39 War Mill
04:43 Orc Burrow
05:21 Fortress
08:12 Watch Tower
08:12 Watch Tower
08:51 Beastiary
08:52 Beastiary
08:57 Watch Tower
08:57 Watch Tower
11:22 Watch Tower
11:22 Watch Tower
11:26 Watch Tower
11:26 Watch Tower
11:27 Watch Tower
11:27 Watch Tower
11:28 Watch Tower
11:29 Watch Tower
11:29 Watch Tower
11:57 War Mill
13:01 Orc Burrow
13:02 Orc Burrow
13:03 Orc Burrow
16:29 Great Hall
16:33 Watch Tower
16:33 Watch Tower
16:33 Watch Tower
16:34 Watch Tower
16:34 Watch Tower
16:38 Watch Tower
16:38 Watch Tower
17:11 Beastiary
17:11 Beastiary
18:04 Watch Tower
18:04 Watch Tower
18:05 Watch Tower
18:05 Watch Tower
18:07 Watch Tower
18:11 Watch Tower
18:35 Watch Tower
18:36 Watch Tower
18:38 Watch Tower
18:39 Watch Tower
» items
| Healing Salve | 3 | |
| Orb of Lightning | 1 | |
| Staff of Teleportation | 1 | |
| Scroll of Town Portal | 1 | |
6 total
street (
red | 70 APM | 1534 actions | 21:53)
7 Demon Hunter
3 Mana Burn
3 Evasion
1 Metamorphosis
» actions
| Assign group hotkey | 34 | |
| Basic commands | 24 | |
| Build / train | 74 | |
| ESC pressed | 1 | |
| Enter build submenu | 14 | |
| Enter hero's abilities submenu | 8 | |
| Give item / drop item | 1 | |
| Remove unit from queue | 1 | |
| Right click | 588 | |
| Select / deselect | 240 | |
| Select group hotkey | 485 | |
| Use ability | 64 | |
1534 total
» units
| Wisp | 12 | |
| Archer | 14 | |
| Hippogryph | 13 | |
39 total
» upgrades
| Improved Bows | 1 | |
| Strength of the Moon | 2 | |
| Moon Armor | 2 | |
| Hippogryph Taming | 1 | |
| Ultravision | 1 | |
| Marksmanship | 1 | |
8 total
» buildings
| Altar of Elders | 1 | |
| Moon Well | 7 | |
| Ancient of War | 1 | |
| Tree of Ages | 2 | |
| Hunter's Hall | 1 | |
| Ancient of Wonders | 1 | |
| Ancient of Wind | 2 | |
| Tree of Eternity | 2 | |
17 total
» build order
00:36 Altar of Elders
00:49 Moon Well
01:18 Ancient of War
01:51 Moon Well
02:33 Moon Well
03:15 Tree of Ages
03:16 Tree of Ages
03:43 Moon Well
04:11 Hunter's Hall
04:20 Ancient of Wonders
05:41 Ancient of Wind
05:43 Ancient of Wind
11:30 Moon Well
12:01 Tree of Eternity
12:02 Tree of Eternity
14:23 Moon Well
15:15 Moon Well
» items
| Boots of Speed | 3 | |
| Staff of Teleportation | 1 | |
| Scroll of Town Portal | 4 | |
8 total

»
thegame247 (
yellow | 51 APM | 13 actions | 00:15)
Chat log
(00:09 / All) ADADK: ladder get reset or something? all level 1s wtf
(00:15 / All) BlazeFury: is dial up even still available?
(00:30 / All) ADADK: yes
(00:32 / All) ADADK: I am on dialup
(00:38 / All) ADADK: I like the sound when you turn it on
(00:41 / All) ADADK: so I keep it
(01:33 / All) BlazeFury: for there is no scourge upon our lands, and we will seek i and destroy it
(01:56 / All) HardlikeLife4us: i want to be the very best!
(03:06 / Allies) ConquerorFrmOgo: wtf
(17:10 / Allies) street: wtfu doing
(17:24 / Allies) street: faggot
(18:08 / All) street: purp is tking
(18:24 / Allies) ConquerorFrmOgo: wood?
(19:54 / Allies) street: purp
(20:00 / Allies) street: go kill urself
(20:22 / Allies) street: piece of shit human being
(21:28 / Allies) ConquerorFrmOgo: want some?
(21:29 / Allies) ConquerorFrmOgo: get some
(21:41 / Allies) street: i feel sorry for ur parents
(21:48 / Allies) street: ur mom should have swallowed ur dads load
(21:51 / Allies) street: autistic fuck
(21:53 / Allies) ConquerorFrmOgo: feel sorry for your mom
(21:55 / Allies) ConquerorFrmOgo: I broke her pussy
(22:03 / All) ADADK: Bad luck pink
(22:07 / All) ConquerorFrmOgo: Ruh roh
(22:13 / All) shakyman: gay game
(23:12 / All) ADADK: You lose pink
(23:28 / All) shakyman: fuck you blue
(23:43 / All) shakyman: hope you enjoy sucking your own dick
(23:49 / All) ADADK: lol
(23:56 / All) ADADK: I didn't play good this game
(24:05 / All) ADADK: when I tried to tp green I accidentally tped him to teal
(24:05 / All) ConquerorFrmOgo: stats
(24:07 / All) ADADK: then was like shit
(24:15 / All) ADADK: 51-40 green LOL
(24:19 / All) ADADK: shocking
(24:22 / All) ConquerorFrmOgo: you team lose for sure lawl